 Dungeon Crawl Stone Soup version 0.21-a0-110-g8e1637b (webtiles) character file.

567528 Gorglomux the Executioner (level 26, -2/248 HPs)
             Began as a Hill Orc Chaos Knight on July 10, 2017.
             Was an Elder of Trog.
             Killed from afar by a Brimstone Fiend (23 damage)
             ... with damnation
             ... summoned by Qosycs
             ... on level 1 of the Realm of Zot.
             The game lasted 02:16:52 (55809 turns).

Gorglomux the Executioner (Hill Orc Chaos Knight)  Turns: 55809, Time: 02:16:52

Health: -2/248     AC: 32    Str: 32    XL:     26   Next: 85%
Magic:  32/32      EV: 13    Int: 15    God:    Trog [****..]
Gold:   3445       SH: 27    Dex: 10    Spells: 25/25 levels left

rFire    + . .     SeeInvis +   a - +3 broad axe (vamp) {god gift}
rCold    + + .     Gourm    +   e - +2 large shield
rNeg     . . .     Faith    .   E - +1 gold dragon scales
rPois    +         Spirit   .   r - +0 helmet {Int+3}
rElec    +         Reflect  .   N - +2 cloak
rCorr    .         Harm     .   q - +0 pair of gloves "Haceranu" {rC+}
MR       ++++.     Rnd*Rage +   y - +2 pair of boots
Stlth    ..........             H - amulet of the gourmand
HPRegen  1.51/turn              m - ring of protection from magic
MPRegen  0.23/turn              s - ring of see invisible

@: mighty, weakened, berserk cooldown, regenerating, slowed, very slow
A: claws 1, hooves 1, icy blue scales 1, berserk 1, deformed body, sense
surroundings 1, electricity resistance
0: Orb of Zot
}: 3/15 runes: serpentine, barnacled, abyssal
a: Berserk, Trog's Hand, Brothers in Arms, Burn Spellbooks, Renounce Religion


You were on level 1 of the Realm of Zot.
You worshipped Trog.
Trog was greatly pleased with you.
You were full.

You visited 9 branches of the dungeon, and saw 47 of its levels.
You visited the Abyss 2 times.
You visited 1 bazaar.
You also visited: Bailey and Ice Cave.

You collected 6846 gold pieces.
You spent 3401 gold pieces at shops.

Inventory:

Hand Weapons
 a - a +3 vampiric broad axe (weapon) {god gift}
 b - a +3 broad axe of flaming {god gift}
Missiles
 M - 3 needles of frenzy {god gift}
 Z - 5 throwing nets (quivered)
Armour
 e - a +2 large shield (worn)
 q - the +0 pair of gloves "Haceranu" (worn) {rC+}
   (You found it on level 2 of the Lair of Beasts)

   It protects you from cold.
 r - a +0 helmet of intelligence (worn)
 y - a +2 pair of boots (worn)
 E - +1 gold dragon scales (worn)
 N - a +2 cloak (worn)
Jewellery
 c - an uncursed ring of protection from cold
 k - the ring "Imonoocsek" {rCorr rElec Str+3}
   (You took it off a spriggan air mage on level 2 of the Depths)

   [ring of resist corrosion]

   It affects your strength (+3).
   It insulates you from electricity.
 m - a ring of protection from magic (left hand)
 s - a ring of see invisible (right hand)
 H - an amulet of the gourmand (around neck)
Wands
 d - a wand of iceblast (15/15)
 p - a wand of lightning (10/15)
 C - a wand of confusion (14/48)
 D - a wand of digging (8/24)
 F - a wand of iceblast (2/15)
 I - a wand of iceblast (5/15)
 L - a wand of lightning (7/15)
 O - a wand of iceblast (5/15)
 P - a wand of paralysis (9/24)
 S - a wand of scattershot (3/9)
Scrolls
 i - 5 scrolls of fear
 j - 9 scrolls of remove curse
 t - a scroll of immolation
 v - 3 scrolls of fog
 x - a scroll of holy word
 B - 5 scrolls of blinking
 R - 11 scrolls of identify
 T - 18 scrolls of teleportation
 V - 5 scrolls of recharging
Potions
 f - a potion of agility
 g - 5 potions of lignification
 n - 2 potions of resistance
 o - 2 potions of haste
 u - 13 potions of heal wounds
 w - a potion of ambrosia
 G - 4 potions of mutation {!q}
 K - a potion of might
 Q - 12 potions of curing
 X - 2 potions of cancellation
 Y - 9 potions of flight
Miscellaneous
 U - a box of beasts
 W - a sack of spiders
Comestibles
 h - 17 royal jellies
 l - 35 fruits
 z - 8 meat rations
 J - 19 bread rations


   Skills:
 + Level 22.5 Fighting
 + Level 23.9 Axes
 - Level 21.4 Armour
 - Level 16.6 Dodging
 - Level 21.6 Shields
 + Level 12.1 Evocations


You had 25 spell levels left.
You didn't know any spells.

Dungeon Overview and Level Annotations

Branches:
Dungeon (15/15)            Temple (0/1) D:7            Lair (6/6) D:10
 Shoals (4/4) Lair:3        Snake (4/4) Lair:4        Slime (0/5) Lair:5
    Orc (2/2) D:11            Elf (2/3) Orc:2        Vaults (4/5) D:14
  Crypt (0/3) Vaults:2     Depths (5/5) D:15            Zot (5/5) Depths:5

Altars:
Elyvilon
Fedhas
Kikubaaqudgha
Makhleb
Qazlal
Trog
Wu Jian
Xom
Zin
Beogh

Shops:
D:4 *   D:7 ?   D:15 %   Orc:2 [%*(   Elf:2 [   Snake:2 *   Vaults:1 **
Vaults:2 (   Vaults:3 !   Depths:1 *

Portals:
Hell: Depths:1 Depths:2 Depths:3 Depths:4 Depths:5
Abyss: Depths:4 Depths:5
Pandemonium: Depths:1 Depths:3 Depths:5
Ziggurat: Depths:1

Annotations:
D:4 p0werm0de's ghost, amateur DsCK
Elf:2 2 runed doors
Depths:2 1 runed door
Depths:3 2 runed doors


Innate Abilities, Weirdness & Mutations

You have sharp fingernails.
You have large cloven feet.
You are partially covered in icy blue scales. (AC +2)
You tend to lose your temper in combat.
Armour fits poorly on your strangely shaped body.
You passively map a small area around you.
You are resistant to electric shocks. (rElec)


Message History

The Brimstone Fiend calls on the powers of darkness!
Your body is wracked with pain!
* * * LOW HITPOINT WARNING * * *
Unknown command.
You feel a strong urge to attack something.
You are no longer berserk.
You are exhausted.
You feel yourself slow down. Qosycs gestures at you.
You block the crystal spear.
You see here +0 storm dragon scales.
Qosycs gestures.
The Brimstone Fiend calls on the powers of darkness!
Your body is wracked with pain!
* * * LOW HITPOINT WARNING * * *
There is a stone staircase leading down here.
The Brimstone Fiend gestures at you.
The sphere of damnation explodes!
The damnation engulfs you!
You die...
Xom laughs nastily!

**,,,,*,,* *********,,*****
*,,,,,,********,,,,,,*,,,**,***
,,,,,***
*,,,,******,,**,**,,*** ,,,***
*,,,,* ##*,,**,**,,,* *,*****
****** *#.#,,*,*,,**,,, ,***,,*
####.#**,,**,,,**,, ,*,,,,*
#%#.#**,,,,**,****, *,,,,**
#..#####..***** ** ,,,,**
##.@.....#,,,,,** * ,,,**
##1######...*,,,,**** *,**
###........#,,,**,,,,** ,**
###.∩......##..*,,**,,,,, **
*#..1....####**,,,,,**,,,, *
*#....##### *,,**,,,**,,,
****#...##*** **,,**,,,**,,
*,,#.###**,,* **,,**,,***,
*,,.,*,,*,*** *,,**,,* **


You could see a Brimstone Fiend and an Ice Fiend.

Vanquished Creatures
  An orb of fire (Zot:5)
  2 juggernauts
  The ghost of Monsterracer the Slayer, a legendary HuBe of Trog (Zot:5)
  5 ancient liches (Zot:5)
  2 Killer Klowns (Zot:5)
  8 golden dragons
  A bone dragon (Depths:5)
  2 liches
  Jorgrun (Depths:3)
  Rupert (Lair:5)
  4 tentacled monstrosities
  An electric golem (Zot:5)
  Asterion (Depths:3)
  2 titans
  20 Orb Guardians (Zot:5)
  2 quicksilver dragons (Zot:5)
  Gastronok (Lair:2)
  5 death cobs
  Frances (D:13)
  A shadow dragon (shapeshifter) (Vaults:3)
  2 ancient champions (Vaults:2)
  4 sphinxes
  2 shadow dragons (Zot:4)
  8 storm dragons
  A revenant (Vaults:2)
  11 nagarajas
  3 draconian monks
  2 tengu reavers (Depths:2)
  18 frost giants
  10 fire giants
  3 draconian scorchers (Zot:5)
  5 vault wardens
  2 draconian knights (Zot:5)
  A balrug (Depths:4)
  A ghost moth (Zot:5)
  3 draconian shifters (Zot:5)
  2 angels
  An iron dragon (Depths:4)
  2 cacodemons
  5 draconian stormcallers
  9 ironheart preservers
  37 very ugly things
  3 draconian annihilators
  A spriggan defender (Depths:2)
  An entropy weaver (shapeshifter) (Vaults:4)
  2 ophanim (Abyss:3)
  15 stone giants
  An entropy weaver (Vaults:4)
  6 vampire knights
  A deep elf demonologist (Depths:5)
  6 spark wasps
  Azrael (D:14)
  2 deep elf annihilators
  4 purple draconians
  A dire elephant (D:15)
  9 green draconians
  2 yellow draconians
  6 black draconians
  6 red draconians
  5 white draconians
  A blizzard demon (Zot:5)
  A merfolk javelineer (Shoals:4)
  3 deep elf death magi
  A crystal guardian (Vaults:3)
  13 ettins
  A merfolk impaler (Shoals:2)
  The ghost of Kite the Geomancer, a journeyman GrEE of Vehumet (Lair:3)
  8 great orbs of eyes
  13 yaktaur captains
  9 fire dragons
  Josephine (Lair:4)
  Harold (Lair:4)
  12 ogre magi
  10 ice dragons
  10 naga warriors
  8 hydras
  7 spriggan air magi
  8 rakshasas
  2 vault guards
  12 centaur warriors
  20 anacondas
  2 death knights
  A merfolk aquamancer (Shoals:4)
  Erica (D:8)
  18 dancing weapons
  37 two-headed ogres
  4 deep troll shamans
  12 death yaks
  4 hell hogs (Abyss:5)
  6 deep troll earth magi
  An orc high priest (Orc:2)
  8 naga sharpshooters
  6 tengu warriors
  Nergalle (D:10)
  4 thrashing horrors (Abyss:5)
  8 spriggan berserkers
  8 shock serpents
  7 deep elf knights
  A fire crab (shapeshifter) (Depths:5)
  3 wretched stars
  2 sun demons (Depths:4)
  2 cherubim (Abyss:3)
  12 hell knights
  10 salamander mystics
  5 iron trolls
  2 shadow wraiths
  A storm dragon skeleton (Vaults:2)
  2 spatial maelstroms (Abyss:5)
  10 skeletal warriors
  6 unseen horrors
  2 glowing orange brains
  15 deep trolls
  14 deep elf archers
  7 necromancers
  A sea snake (Shoals:4)
  2 wizards
  A golden dragon skeleton (Abyss:5)
  2 phantasmal warriors (Depths:5)
  9 starcursed masses (Abyss:5)
  7 naga ritualists
  42 ugly things
  9 ironbrand convokers
  5 harpies
  14 large abominations
  10 orc knights
  2 mana vipers
  6 wolf spiders
  A wolf spider zombie (D:14)
  40 deep elf magi
  2 shadow dragon skeletons (Vaults:4)
  6 cyclopes
  6 manticores
  2 human zombies
  2 oklob plants
  10 moths of wrath
  4 orc sorcerers (Orc:2)
  A mana viper (shapeshifter) (Depths:2)
  23 salamanders
  15 elephants
  A frost giant skeleton (Vaults:4)
  A rust devil (Abyss:3)
  An apocalypse crab (Abyss:5)
  3 merfolk sirens
  14 guardian serpents
  Psyche (D:11)
  38 black mambas
  14 naga magi
  An ice statue (IceCv)
  A spiny frog (shapeshifter) (Depths:2)
  Joseph (Lair:1)
  A centaur zombie (D:11)
  12 vault sentinels
  8 smoke demons
  3 rime drakes
  5 orange demons
  2 water nymphs
  2 gargoyles (D:14)
  A torpor snail (Lair:6)
  4 komodo dragons
  6 freezing wraiths
  4 hellwings
  29 yaktaurs
  A komodo dragon (shapeshifter) (Depths:2)
  13 spiny frogs
  3 tengu conjurers
  A jumping spider (shapeshifter) (Depths:3)
  An ice devil (Depths:1)
  3 meliai (D:15)
  A polar bear (shapeshifter) (D:15)
  8 trolls
  2 ancient zymes (Abyss:5)
  5 merfolk (Shoals:4)
  20 polar bears
  15 small abominations
  2 harpy skeletons
  9 hornets
  28 slime creatures
  30 blink frogs
  2 ettin zombies
  11 dream sheep (Lair:6)
  14 hippogriffs
  A raiju (shapeshifter) (Vaults:4)
  A fire giant simulacrum (Vaults:3)
  A stone giant simulacrum (Vaults:1)
  11 redbacks
  9 air elementals
  A spriggan (shapeshifter) (Depths:5)
  2 shadows
  6 wraiths
  2 vampires
  9 water elementals
  A tarantella (shapeshifter) (Elf:2)
  16 spriggans
  55 yaks
  Grum (D:11)
  3 wyverns (D:15)
  A yak (shapeshifter) (Vaults:4)
  5 fire elementals
  A golden eye (shapeshifter) (Depths:2)
  2 basilisks
  A basilisk (shapeshifter) (Depths:2)
  5 hungry ghosts
  A chaos spawn (Depths:5)
  2 neqoxecs
  Edmund (D:5)
  Menkaure (D:5)
  2 wargs
  2 spatial vortices
  2 acid dragons
  A two-headed ogre zombie (D:11)
  15 water moccasins
  4 hell hounds (D:14)
  2 floating eyes (Depths:2)
  54 nagas
  7 porcupines
  9 sky beasts
  30 orc warriors
  7 ice beasts
  3 necrophages
  4 black bears
  2 eyes of draining
  34 ogres
  22 boggarts
  3 phantoms
  40 wolves
  13 crocodiles
  27 centaurs
  2 big kobolds (D:11)
  4 elf zombies (Elf:1)
  18 bullfrogs
  A glowing shapeshifter simulacrum (Vaults:3)
  An earth elemental (Elf:1)
  3 scorpions
  5 killer bees (D:7)
  22 wights
  2 electric eels
  4 howler monkeys
  4 crimson imps
  10 hounds
  3 quasits
  29 orc priests
  4 jellies
  2 bullfrog skeletons
  3 centaur skeletons
  2 iguanas (D:8)
  2 iron imps
  36 orc wizards
  9 worker ants
  7 ogre zombies (D:11)
  2 hound skeletons
  A worker ant zombie (D:7)
  A howler monkey zombie (D:5)
  20 adders
  5 shadow imps
  13 white imps
  2 ufetubi
  2 oozes
  3 adder zombies
  2 worms
  A dart slug (D:2)
  2 leopard geckos
  78 orcs
  7 bats
  6 giant cockroaches
  7 goblins
  12 hobgoblins
  6 quokkas
  8 ball pythons
  A ball python skeleton (D:4)
  A frilled lizard (D:2)
  3 goblin zombies (D:11)
  4 hobgoblin zombies (D:11)
  14 kobolds
  A leopard gecko skeleton (D:7)
  3 orc skeletons (D:11)
  15 orc zombies (D:11)
  A quokka skeleton (D:6)
  A quokka zombie (D:6)
  7 rats
  A crawling corpse (Elf:1)
  5 fungi
  A lurking horror (Abyss:5)
  7 plants
2012 creatures vanquished.

Vanquished Creatures (collateral kills)
  An orb of fire (Zot:5)
  A Killer Klown (Zot:5)
  A golden dragon (Depths:5)
  An Orb Guardian (Zot:5)
  A titan (Depths:4)
  2 shadow dragons (Zot:5)
  A very ugly thing (Depths:4)
  A vampire knight (Depths:1)
  A merfolk impaler (Shoals:4)
  A merfolk avatar (Shoals:4)
  A merfolk aquamancer (Shoals:4)
  A two-headed ogre (Vaults:3)
  An ogre mage (Vaults:3)
  A sun demon (Depths:1)
  A guardian serpent (Snake:4)
  A merfolk (Shoals:4)
  A wind drake (Shoals:4)
  2 ogres (Vaults:3)
  A goblin (Bailey)
21 creatures vanquished.

Vanquished Creatures (others)
  A centaur warrior (Depths:2)
  A naga sharpshooter (Snake:2)
  A guardian serpent (Snake:4)
  A naga mage (Snake:4)
  2 nagas
  An orc warrior (Vaults:3)
  A wolf (IceCv)
  A boggart (Depths:2)
  A crimson imp (Depths:1)
  An orc priest (Vaults:4)
  A small abomination (Abyss:5)
  An orc (Vaults:4)
  16 fungi
  A lurking horror (Abyss:5)
  58 plants
  A starspawn tentacle (Abyss:3)
89 creatures vanquished.

Grand Total: 2122 creatures vanquished

Notes
Turn   | Place    | Note
-------+----------+-------------------------------------------
     0 | D:1      | Gorglomux the Hill Orc Chaos Knight began the quest for the Orb.
     0 | D:1      | Reached XP level 1. HP: 19/19 MP: 1/1
    54 | D:1      | XOM: silly message
   120 | D:1      | Reached XP level 2. HP: 17/27 MP: 2/2
   166 | D:1      | XOM: noise
   292 | D:1      | XOM: harmless Chrm miscast
   435 | D:1      | XOM: harmless Erth miscast
   714 | D:1      | XOM: harmless Pois miscast
   897 | D:2      | Reached XP level 3. HP: 32/34 MP: 3/3
   898 | D:2      | XOM: smoke on damage
   994 | D:2      | Found an ancient bone altar of Kikubaaqudgha.
  1211 | D:2      | Found a glowing silver altar of Zin.
  1373 | D:2      | XOM: god gift: scroll labeled FUOMEU ROOPUUFF {god gift}
  1392 | D:2      | Reached skill level 5 in Axes
  1457 | D:2      | XOM: noise
  1542 | D:3      | Reached XP level 4. HP: 36/42 MP: 4/4
  1587 | D:3      | Found a shimmering altar of Xom.
  1594 | D:3      | Found a shimmering altar of Xom.
  1595 | D:3      | Found a shimmering altar of Xom.
  1595 | D:3      | Found a shimmering altar of Xom.
  1596 | D:3      | Found a shimmering altar of Xom.
  1606 | D:3      | XOM: enchant monster (good)
  1657 | D:3      | Found a bloodstained altar of Trog.
  1702 | D:3      | XOM: 2-stop teleportation journey
  1733 | D:3      | XOM: 3-stop teleportation journey
  2231 | D:3      | Fell from the grace of Xom
  2231 | D:3      | Became a worshipper of Trog the Wrathful
  2601 | D:4      | Reached XP level 5. HP: 32/48 MP: 5/5
  2616 | D:4      | Noticed p0werm0de's ghost (amateur DsCK)
  2842 | D:4      | XOM: mild Chrm miscast
  2883 | D:4      | Noticed a sky beast
  2904 | D:4      | Killed a sky beast
  2904 | D:4      | Reached skill level 6 in Fighting
  2904 | D:4      | Reached skill level 6 in Axes
  2956 | D:4      | XOM: medium Hex miscast
  2996 | D:4      | Reached XP level 6. HP: 21/57 MP: 6/6
  3227 | D:4      | XOM: medium Ice miscast
  3715 | D:4      | Found Soeleap's Serpentskin Sales.
  3989 | D:5      | Entered Level 5 of the Dungeon
  4080 | D:5      | Noticed an ice beast
  4097 | D:5      | Killed an ice beast
  4097 | D:5      | Reached skill level 7 in Axes
  4198 | D:5      | Noticed Edmund
  4238 | D:5      | Killed Edmund
  4238 | D:5      | Reached XP level 7. HP: 56/66 MP: 7/7
  4383 | D:5      | Reached skill level 8 in Axes
  4491 | D:5      | XOM: give mutation
  4491 | D:5      | Gained mutation: You evolve. [Xom's mischief]
  4507 | D:5      | XOM: give mutation
  4507 | D:5      | Gained mutation: Your spells are a little easier to cast, but a little less powerful. [Xom's mischief]
  4593 | D:5      | XOM: swap monsters
  4790 | D:5      | Noticed Menkaure
  4806 | D:5      | HP: 3/68 [Menkaure/nerve-wracking pain (6)]
  4814 | D:5      | Killed Menkaure
  4814 | D:5      | Reached skill level 9 in Axes
  4814 | D:5      | Reached XP level 8. HP: 17/75 MP: 8/8
  5044 | D:5      | XOM: mild Conj miscast
  5149 | D:5      | Reached * piety under Trog
  5351 | D:6      | Reached skill level 9 in Fighting
  5427 | D:6      | Reached skill level 10 in Axes
  5726 | D:6      | Reached XP level 9. HP: 82/85 MP: 9/9
  5875 | D:6      | XOM: mild Erth miscast
  5895 | D:6      | Reached ** piety under Trog
  6037 | D:6      | Reached skill level 11 in Axes
  6161 | D:6      | XOM: cloud trail
  6411 | D:7      | Found a flagged portal.
  6428 | Bailey   | Entered a bailey
  6528 | Bailey   | XOM: summons 8 friendly demons
  6718 | Bailey   | Found an iron altar of Okawaru.
  6830 | D:7      | XOM: noise
  6860 | D:7      | Gained mutation: You are partially covered in icy blue scales. (AC +2) [evolution]
  7094 | D:7      | Reached skill level 12 in Axes
  7397 | D:7      | Found a blossoming altar of Fedhas.
  7527 | D:7      | Reached skill level 12 in Fighting
  7527 | D:7      | Reached XP level 10. HP: 84/97 MP: 10/10
  7566 | D:7      | Found Onok Omo's Magic Scroll Emporium.
  7587 | D:7      | Reached skill level 13 in Axes
  7595 | D:7      | Bought a scroll of magic mapping for 45 gold pieces
  7595 | D:7      | Bought a scroll of teleportation for 39 gold pieces
  7595 | D:7      | Bought a scroll of identify for 26 gold pieces
  7595 | D:7      | Bought a scroll of recharging for 123 gold pieces
  7595 | D:7      | Bought a scroll of identify for 26 gold pieces
  7595 | D:7      | Bought a scroll of teleportation for 39 gold pieces
  7596 | D:7      | XOM: give mutations
  7596 | D:7      | Lost mutation: Your spells are a little easier to cast, but a little less powerful. [Xom's mischief]
  7596 | D:7      | Gained mutation: You are frail. (-10% HP) [Xom's mischief]
  7596 | D:7      | Gained mutation: Armour fits poorly on your strangely shaped body. [Xom's mischief]
  7598 | D:7      | Lost mutation: You are frail. (-10% HP) [potion of mutation]
  7598 | D:7      | Lost mutation: You evolve. [potion of mutation]
  7598 | D:7      | Gained mutation: You have large cloven feet. [potion of mutation]
  7598 | D:7      | Gained mutation: Your magical capacity is low. (-10% MP) [potion of mutation]
  7598 | D:7      | Lost mutation: Your magical capacity is low. (-10% MP) [potion of mutation]
  7598 | D:7      | Gained mutation: You passively map a small area around you. [potion of mutation]
  7636 | D:7      | Found a staircase to the Ecumenical Temple.
  7815 | D:8      | Noticed a two-headed ogre
  7900 | D:8      | Killed a two-headed ogre
  8409 | D:8      | Noticed Erica
  8416 | D:8      | Killed Erica
  8416 | D:8      | Reached skill level 14 in Axes
  8715 | D:9      | Reached *** piety under Trog
  9053 | D:9      | Reached XP level 11. HP: 108/108 MP: 11/11
  9126 | D:9      | Reached skill level 15 in Axes
  9453 | D:9      | XOM: mild Tloc miscast
  9643 | D:10     | Entered Level 10 of the Dungeon
  9747 | D:10     | Noticed Nergalle
  9760 | D:10     | Killed Nergalle
  9896 | D:10     | XOM: silly message
  9922 | D:10     | Reached **** piety under Trog
 10184 | D:10     | Noticed a two-headed ogre
 10184 | D:10     | XOM: harmless Air miscast
 10193 | D:10     | Killed a two-headed ogre
 10275 | D:10     | Found a staircase to the Lair.
 10283 | D:10     | Reached skill level 16 in Axes
 10494 | D:10     | XOM: silly message
 10514 | D:10     | Reached skill level 15 in Fighting
 10523 | D:11     | XOM: silly message
 10585 | D:11     | Found a staircase to the Orcish Mines.
 10587 | D:11     | Noticed Grum
 10605 | D:11     | Reached ***** piety under Trog
 10612 | D:11     | Killed Grum
 10656 | D:11     | Noticed Psyche
 10667 | D:11     | Killed Psyche
 10734 | D:11     | Reached XP level 12. HP: 85/121 MP: 12/12
 10881 | D:11     | XOM: give mutation
 10881 | D:11     | Gained mutation: You have sharp fingernails. [Xom's mischief]
 10921 | D:11     | XOM: mild Tloc miscast
 11362 | D:11     | Reached skill level 17 in Axes
 12704 | D:12     | XOM: medium Hex miscast
 12714 | D:12     | Reached skill level 1 in Shields
 12789 | D:12     | XOM: noise
 12988 | D:12     | Noticed a two-headed ogre
 12992 | D:12     | Killed a two-headed ogre
 12992 | D:12     | Reached skill level 3 in Armour
 13013 | D:12     | XOM: noise
 13045 | D:12     | XOM: give mutation
 13045 | D:12     | Gained mutation: You are resistant to electric shocks. (rElec) [Xom's mischief]
 13083 | D:12     | Was forgiven by Xom
 13307 | D:13     | Noticed a two-headed ogre
 13312 | D:13     | Killed a two-headed ogre
 13418 | D:13     | Noticed Frances
 13428 | D:13     | Noticed a sun demon
 13433 | D:13     | Killed Frances
 13433 | D:13     | Reached skill level 3 in Shields
 13484 | D:13     | Noticed an eight-headed hydra
 13489 | D:13     | Killed a five-headed hydra
 13489 | D:13     | Reached XP level 13. HP: 132/132 MP: 13/13
 13861 | D:13     | Received a gift from Trog
 14427 | Lair:1   | Entered Level 1 of the Lair of Beasts
 14427 | Lair:1   | Noticed Joseph
 14433 | Lair:1   | Killed Joseph
 14433 | Lair:1   | Reached skill level 18 in Axes
 14521 | Lair:1   | Reached skill level 6 in Armour
 14579 | Lair:1   | Reached skill level 1 in Dodging
 15098 | Lair:1   | Reached skill level 1 in Evocations
 15283 | Lair:2   | Found a frozen archway.
 15296 | Lair:2   | Reached skill level 6 in Shields
 15366 | IceCv    | Entered an ice cave
 15417 | IceCv    | Got a smoking plate armour
 15428 | IceCv    | Identified the +4 plate armour of Restlessness {rPois rF+ Stlth+} (You found it in an ice cave)
 15540 | IceCv    | Reached skill level 3 in Evocations
 15833 | IceCv    | Reached skill level 3 in Dodging
 16057 | IceCv    | Noticed a frost giant
 16071 | IceCv    | Reached XP level 14. HP: 140/140 MP: 15/17
 16082 | IceCv    | Killed a frost giant
 16823 | Lair:2   | Got a pair of warped gloves
 16834 | Lair:2   | Identified the cursed +0 pair of gloves "Haceranu" {rC+} (You found it on level 2 of the Lair of Beasts)
 16835 | Lair:2   | Noticed Gastronok
 16849 | Lair:2   | Killed Gastronok
 17251 | Lair:3   | Received a gift from Trog
 17309 | Lair:3   | Found a staircase to the Shoals.
 17877 | Lair:3   | Noticed Kite's ghost (journeyman GrEE)
 17886 | Lair:3   | Killed Kite's ghost
 18087 | Lair:4   | Noticed Harold
 18095 | Lair:4   | Killed Harold
 18340 | Lair:4   | Reached skill level 9 in Armour
 18368 | Lair:4   | Reached skill level 6 in Evocations
 18603 | Lair:4   | Noticed Josephine
 18613 | Lair:4   | Killed Josephine
 18806 | Lair:4   | Found a staircase to the Snake Pit.
 18959 | Lair:4   | Reached skill level 9 in Shields
 18966 | Lair:4   | Reached ****** piety under Trog
 19660 | Lair:5   | Received a gift from Trog
 19666 | Lair:5   | Noticed Rupert
 19689 | Lair:5   | Killed Rupert
 19689 | Lair:5   | Reached skill level 6 in Dodging
 19689 | Lair:5   | Reached XP level 15. HP: 92/147 MP: 19/19
 19906 | Lair:5   | Found a staircase to the Slime Pits.
 20461 | Lair:5   | Identified 2 scrolls of acquirement
 20488 | Lair:5   | Got a pitted broad axe
 20489 | Lair:5   | Identified the +10 broad axe of the Elven Halls {protect, rF+ MR+ Dex+4} (You acquired it on level 5 of the Lair of Beasts)
 20491 | Lair:5   | Got a pair of steaming gloves
 20492 | Lair:5   | Identified the -1 pair of gloves of the Onion {+Fly Int+5 Dex+2} (You acquired it on level 5 of the Lair of Beasts)
 20865 | Lair:6   | Entered Level 6 of the Lair of Beasts
 21093 | Lair:6   | Reached XP level 16. HP: 134/155 MP: 20/20
 21337 | Lair:6   | Reached skill level 12 in Shields
 22293 | Lair:6   | Received a gift from Trog
 22309 | Lair:6   | Identified the +2 battleaxe of Dim Light {god gift, antimagic, Int+4} (Trog gifted it to you on level 6 of the Lair of Beasts)
 22863 | D:14     | Found a stormy altar of Qazlal.
 22970 | D:14     | Noticed Azrael
 22986 | D:14     | Killed Azrael
 23377 | D:14     | Reached skill level 12 in Armour
 23471 | D:14     | Received a gift from Trog
 23486 | D:14     | Reached XP level 17. HP: 120/161 MP: 21/21
 23617 | D:14     | Found a gate to the Vaults.
 23782 | D:15     | Entered Level 15 of the Dungeon
 23782 | D:15     | Found Lylanyog's Food Shoppe.
 24125 | D:15     | Reached skill level 9 in Dodging
 24616 | D:15     | Found a staircase to the Depths.
 24751 | Orc:1    | Entered Level 1 of the Orcish Mines
 24843 | Orc:1    | Found a roughly hewn altar of Beogh.
 24969 | Orc:2    | Entered Level 2 of the Orcish Mines
 24986 | Orc:2    | Received a gift from Trog
 25101 | Orc:2    | Found a staircase to the Elven Halls.
 25189 | Orc:2    | Found Dingu's Armour Emporium.
 25189 | Orc:2    | Found Ynoerchej's Antique Weapon Shoppe.
 25189 | Orc:2    | Found Jathrebao's Food Emporium.
 25272 | Orc:2    | Got a slimy chain mail
 25283 | Orc:2    | Identified the +0 chain mail of Mutualism {rCorr Str+3} (You acquired it on level 2 of the Orcish Mines)
 25346 | Orc:2    | Found Oxkiets's Assorted Antiques.
 25352 | Orc:2    | Bought a scroll of blinking for 187 gold pieces
 25352 | Orc:2    | Bought a scroll of fog for 50 gold pieces
 25352 | Orc:2    | Bought a purple potion for 22 gold pieces
 25352 | Orc:2    | Bought a large shield for 112 gold pieces
 25944 | Lair:4   | Received a gift from Trog
 25959 | Snake:1  | Entered Level 1 of the Snake Pit
 26020 | Snake:1  | Found a burning altar of Makhleb.
 27026 | Snake:2  | Found Ucsassar's Assorted Antiques.
 27033 | Snake:2  | Bought a scroll of fear for 105 gold pieces
 27033 | Snake:2  | Bought a potion of heal wounds for 150 gold pieces
 27033 | Snake:2  | Bought a scroll of teleportation for 90 gold pieces
 27033 | Snake:2  | Bought a scroll of fear for 105 gold pieces
 28216 | Snake:3  | Received a gift from Trog
 28338 | Snake:3  | Reached XP level 18. HP: 110/170 MP: 22/22
 28911 | Snake:3  | Reached skill level 15 in Shields
 29673 | Snake:3  | Received a gift from Trog
 29961 | Snake:4  | Entered Level 4 of the Snake Pit
 30634 | Snake:4  | Reached skill level 15 in Armour
 30800 | Snake:4  | Found a white marble altar of Elyvilon.
 30989 | Snake:4  | Found an ornate altar of the Wu Jian Council.
 31225 | Snake:4  | Received a gift from Trog
 31247 | Snake:4  | Reached XP level 19. HP: 177/177 MP: 23/23
 31769 | Snake:4  | Got a serpentine rune of Zot
 32187 | Snake:4  | Reached skill level 12 in Dodging
 32230 | Snake:1  | Received a gift from Trog
 32341 | Shoals:1 | Entered Level 1 of the Shoals
 32459 | Shoals:4 | Entered Level 4 of the Shoals
 32846 | Shoals:4 | Got a barnacled rune of Zot
 33066 | Elf:1    | Entered Level 1 of the Elven Halls
 33810 | Elf:1    | Identified the Catalogue of Black Secrets
 34353 | Elf:1    | Received a gift from Trog
 34728 | Elf:2    | Found Voaloy's Antique Armour Emporium.
 34871 | Elf:2    | Found a runed door.
 34897 | Elf:2    | Found a runed door.
 35012 | Elf:2    | Received a gift from Trog
 35025 | Elf:2    | Reached XP level 20. HP: 68/184 MP: 24/24
 35589 | Vaults:1 | Entered Level 1 of the Vaults
 35640 | Vaults:1 | Noticed a lich
 35654 | Vaults:1 | Killed a lich
 36128 | Vaults:1 | Paralysed by a great orb of eyes for 4 turns
 36438 | Vaults:1 | Reached skill level 18 in Shields
 36441 | Vaults:1 | Received a gift from Trog
 36582 | Vaults:1 | Found Nudul's Assorted Antiques.
 36605 | Vaults:1 | Bought a potion of heal wounds for 140 gold pieces
 36605 | Vaults:1 | Bought a scroll of enchant armour for 210 gold pieces
 36605 | Vaults:1 | Bought a scroll labeled USKUTR HERUDYL for 28 gold pieces
 36694 | Vaults:1 | Found Xen Sonu's Assorted Antiques.
 36706 | Vaults:1 | Bought a scroll of teleportation for 132 gold pieces
 36706 | Vaults:1 | Bought a potion of heal wounds for 220 gold pieces
 37662 | Vaults:2 | Found Seec Zoi's Weapon Boutique.
 37959 | Vaults:2 | Received a gift from Trog
 37960 | Vaults:2 | Reached skill level 18 in Armour
 38368 | Vaults:2 | Found a staircase to the Crypt.
 39013 | Vaults:2 | Reached XP level 21. HP: 191/191 MP: 25/25
 39318 | Vaults:3 | Found Gipleg's Distillery.
 39335 | Vaults:3 | Bought a potion of haste for 170 gold pieces
 39335 | Vaults:3 | Bought a potion of curing for 51 gold pieces
 39335 | Vaults:3 | Bought a potion of heal wounds for 85 gold pieces
 39335 | Vaults:3 | Bought a potion of haste for 170 gold pieces
 39335 | Vaults:3 | Bought a potion of agility for 68 gold pieces
 39335 | Vaults:3 | Bought a potion of curing for 51 gold pieces
 39335 | Vaults:3 | Bought 2 potions of haste for 340 gold pieces
 39335 | Vaults:3 | Bought a potion of heal wounds for 85 gold pieces
 40005 | Vaults:3 | Received a gift from Trog
 41233 | Vaults:4 | Received a gift from Trog
 42173 | Vaults:4 | Received a gift from Trog
 42610 | Depths:1 | Entered Level 1 of the Depths
 42700 | Depths:1 | Reached skill level 15 in Dodging
 42706 | Depths:1 | Reached XP level 22. HP: 200/200 MP: 26/26
 43019 | Depths:1 | Found a one-way gate leading to the halls of Pandemonium.
 43024 | Depths:1 | HP: 2/200 [disintegration (12)]
 43337 | D:15     | Received a gift from Trog
 43383 | Depths:1 | Identified the +5 plate armour "Omoufix" {rN+++ Str-2 Dex+9} (You found it on level 1 of the Depths)
 43491 | Depths:1 | Noticed an ancient lich
 43492 | Depths:1 | Found a gateway to a ziggurat.
 43538 | Depths:1 | Found Nopp's Blood Bar.
 43614 | Depths:1 | Found a gateway to Hell.
 43694 | Depths:1 | Found a flickering gateway to a bazaar.
 43703 | Bazaar   | Entered a bazaar
 43722 | Bazaar   | Found Jaror's Book Emporium.
 43741 | Bazaar   | Found Abaufob's Antique Armour Boutique.
 43788 | Bazaar   | Found Botibbyg's Book Emporium.
 43840 | Bazaar   | Bought a twisted plate armour for 532 gold pieces
 43850 | Bazaar   | Identified the +5 plate armour "Eluttiok" {Regen+ rCorr Dex-2} (You bought it in a shop in a bazaar)
 44275 | Depths:2 | Paralysed by a floating eye for 3 turns
 44280 | Depths:2 | Received a gift from Trog
 44480 | Depths:2 | Got a translucent pewter ring
 44522 | Depths:2 | Identified the ring "Imonoocsek" {rCorr rElec Str+3} (You took it off a spriggan air mage on level 2 of the Depths)
 44697 | Depths:2 | Got a faintly glowing graven amulet
 44934 | Depths:2 | Noticed a golden dragon
 44995 | Depths:2 | Reached XP level 23. HP: 206/206 MP: 27/27
 45007 | Depths:2 | Received a gift from Trog
 45115 | Depths:2 | Reached skill level 21 in Shields
 45509 | Depths:2 | Found a runed door.
 45582 | Depths:2 | Identified the -4 helmet "Wytuacoll" {MR+ Dex+3} (You found it on level 2 of the Depths)
 45583 | Depths:2 | Identified the amulet "Laakoe Xeoro" {rPois rC- rN+ Regen+ Stlth+} (You took it off a tengu reaver on level 2 of the Depths)
 45763 | Depths:2 | Killed a golden dragon
 46058 | Depths:3 | Noticed Jorgrun
 46059 | Depths:3 | Found a large runed door.
 46060 | Depths:3 | Found a large runed door.
 46076 | Depths:3 | Killed Jorgrun
 46097 | Depths:3 | Reached skill level 21 in Armour
 46268 | Depths:3 | Noticed Asterion
 46294 | Depths:3 | Killed Asterion
 46443 | Depths:3 | Received a gift from Trog
 47352 | Depths:4 | Found a one-way gate to the infinite horrors of the Abyss.
 47592 | Depths:4 | Received a gift from Trog
 47994 | Depths:4 | Noticed a golden dragon
 47994 | Depths:4 | Noticed a golden dragon
 48028 | Depths:4 | Killed a golden dragon
 48028 | Depths:4 | Reached XP level 24. HP: 215/215 MP: 27/27
 48099 | Depths:4 | Reached skill level 19 in Axes
 48215 | Depths:4 | Reached skill level 18 in Fighting
 48368 | Depths:4 | Identified the ring "Sofeptag" {*Corrode rPois MR+ MP+9 Str+5} (You found it on level 4 of the Depths)
 48526 | Depths:5 | Entered Level 5 of the Depths
 48756 | Depths:5 | Received a gift from Trog
 49100 | Depths:5 | Found a gate to the Realm of Zot.
 49123 | Depths:5 | Reached skill level 20 in Axes
 49212 | Depths:5 | Noticed a juggernaut
 49230 | Depths:5 | Killed a juggernaut
 49437 | Depths:5 | Cast into level 2 of the Abyss (a deep elf demonologist)
 49606 | Abyss:3  | Found a transporter.
 49614 | Abyss:3  | Found a corrupted altar of Lugonu.
 49631 | Abyss:3  | Found a corrupted altar of Lugonu.
 49784 | Abyss:3  | Found a glowing golden altar of the Shining One.
 49858 | Abyss:3  | Received a gift from Trog
 49917 | Abyss:3  | Noticed a juggernaut
 49926 | Abyss:3  | Killed a juggernaut
 49930 | Abyss:3  | Got an abyssal rune of Zot
 49938 | Depths:5 | Escaped the Abyss
 50329 | Depths:5 | Reached skill level 21 in Axes
 50657 | Zot:1    | Entered Level 1 of the Realm of Zot
 50700 | Zot:1    | Reached XP level 25. HP: 231/231 MP: 27/27
 51271 | Zot:5    | Entered Level 5 of the Realm of Zot
 51273 | Zot:5    | Noticed Monsterracer's ghost (legendary HuBe)
 52216 | Zot:5    | Killed Monsterracer's ghost
 52575 | Zot:5    | Cast into level 5 of the Abyss (the power of Zot)
 52575 | Abyss:5  | Entered Level 5 of the Abyss
 52575 | Abyss:5  | Found a corrupted altar of Lugonu.
 52589 | Abyss:5  | Found a corrupted altar of Lugonu.
 52685 | Abyss:5  | Paralysed by you for 2 turns
 52753 | Abyss:5  | Reached skill level 22 in Axes
 52965 | Abyss:5  | Received a gift from Trog
 53006 | Abyss:5  | Paralysed by accursed screaming for 1 turns
 53211 | Zot:5    | Escaped the Abyss
 53538 | Zot:5    | Reached skill level 21 in Fighting
 53569 | Zot:5    | Received a gift from Trog
 53845 | Zot:5    | Reached skill level 9 in Evocations
 53866 | Zot:5    | Noticed an ancient lich
 54289 | Zot:5    | Killed an ancient lich
 54318 | Zot:5    | Noticed an ancient lich
 54345 | Zot:5    | Killed an ancient lich
 54345 | Zot:5    | Reached XP level 26. HP: 227/244 MP: 30/30
 54346 | Zot:5    | Noticed an ancient lich
 54363 | Zot:5    | Killed an ancient lich
 54712 | Zot:5    | Noticed an ancient lich
 54788 | Zot:5    | Killed an ancient lich
 54788 | Zot:5    | Reached skill level 23 in Axes
 54908 | Zot:5    | Noticed an orb of fire
 54922 | Zot:5    | Killed an orb of fire
 54923 | Zot:5    | Noticed an ancient lich
 54936 | Zot:5    | Killed an ancient lich
 55226 | Zot:5    | Noticed an orb of fire
 55235 | Zot:5    | Gained mutation: You tend to lose your temper in combat. [an orb of fire]
 55258 | Zot:5    | Killed an orb of fire
 55466 | Zot:5    | Got the Orb of Zot
 55501 | Zot:5    | Reached skill level 12 in Evocations
 55604 | Zot:4    | Noticed a seraph
 55694 | Zot:3    | Received a gift from Trog
 55783 | Zot:1    | Noticed Qosycs the pandemonium lord
 55809 | Zot:1    | Killed from afar by a Brimstone Fiend

Vault maps used:
D:1:      lightli_arrival_flooded_house, st_stairs_8
D:2:      zin_treasury, kiku_gazebo_pond_becter
D:3:      minmay_wonky_spiral, old_standard_altar, xom_redecorated, first_bread
D:4:      hangedman_decor_push, guppyfry_shop_venom
D:5:      minmay_misc_feat_cross, grunt_tough_drop, uniq_menkaure, uniq_edmund
D:6:      minmay_diamond_boxcup, grunt_decor_fettered
D:7:      temple_hall, serial_shops, nicolae_shop_stone, enter_bailey_2,
          basic_altar
D:8:      uniq_erica
D:10:     grunt_lair_entry_orc_guard_hut, uniq_nergalle
D:11:     zombieorc2_lemuel, serial_glass, glass_columns_c, glass_columns_b,
          glass_columns_c, glass_columns_c, glass_columns_b, the_bakery,
          uniq_grum, uniq_psyche, uniq_urug
D:13:     uniq_frances
D:14:     david_vaults_5, serial_ice, serial_ice_b, serial_ice_m, serial_ice_j,
          serial_ice_g, grunt_ministairs_8, grunt_qazlal_clouds, uniq_azrael
D:15:     hangedman_depths_entry_try_elsewhere_first, serial_shops,
          nicolae_shop_statue_plus, serial_park_tiny_1
Lair:1:   uniq_joseph
Lair:2:   portal_ice_cave_entry_imps, infiniplex_staircase_pool_2,
          grunt_megastairs_5, uniq_gastronok
Lair:3:   minmay_shoals_entry_beasts
Lair:4:   guppyfry_snake_entry_island, serial_forest, infiniplex_forest_lined_3,
          infiniplex_forest_straight_1, infiniplex_forest_3_way,
          infiniplex_forest_straight_2, infiniplex_forest_side_room,
          infiniplex_forest_clump_C, infiniplex_forest_end_1,
          infiniplex_forest_clump_large, uniq_josephine, uniq_harold
Lair:5:   minmay_slime_entry_pillars, uniq_rupert
Lair:6:   minmay_lair_end_enchanted_forest
Shoals:4: shoals_end_hangedman, shoal_ilsuiw, uniq_polyphemus
Snake:1:  basic_altar
Snake:2:  minmay_snake_river, serial_shops, nicolae_shop_stone
Snake:3:  spider_trap
Snake:4:  grunt_snake_rune_serpentine_throne, basic_altar, lemuel_oklob_altar,
          lemuel_fruit_tree, grunt_megastairs_4
Orc:1:    basic_altar
Orc:2:    st_orc_mages
Elf:1:    eino_elf_arrival_customs, minmay_elf_necromancy, eino_tiny_chamber,
          chequers_big_river
Elf:2:    serial_shops, nicolae_shop_statue_plus, small_statue_intersection
Vaults:1: vaults_room_mumra_shop_pool, st_squares,
          nicolae_vaults_yaktaur_gun_rack, nicolae_vaults_twisting_passages,
          v_misc_8, serial_shops, nicolae_shop_overgrown_old_shop
Vaults:2: hangedman_vaults_river_flow, hangedman_vaults_stretched_pinwheel,
          hangedman_vaults_corner_blocks, serial_ice_g,
          nicolae_vaults_little_squares_6, v_misc_10,
          minmay_crypt_entry_simple_walls, nicolae_vaults_display_case,
          vaults_room_stairs_pillars, nicolae_vaults_border_crossing,
          grunt_vaults_hallway_short, ontoclasm_vaults_ring_square,
          serial_shops, shop
Vaults:3: nicolae_vaults_network_quinsquares, hangedman_vaults_pinch, v_misc_13,
          hangedman_vaults_hat, vaults_dpeg_cross, nicolae_vaults_shelves_hall,
          ontoclasm_vaults_ring_square, grunt_vaults_funnel,
          hangedman_vaults_snaps, v_misc_2, st_smaller_cells, serial_shops, shop
Vaults:4: grunt_vaults_swirl, ontoclasm_vaults_ligature, ontoclasm_vaults_pinch,
          v_pattern_2, v_misc_4, nicolae_vaults_network_square,
          nicolae_vaults_little_squares_4, nicolae_vaults_alarming,
          nicolae_vaults_little_squares_1, grunt_vaults_focal,
          grunt_vaults_twisty
Depths:1: enter_ziggurat_c, rand_demon_pan_entry_1,
          serial_sigils_hangedman_etch, hangedman_geh_valley, serial_shops,
          bzr_entry_road, guppyfry_shop_blood
Depths:2: minmay_the_grid_square_5x5_5x5_mashed, serial_bayou_ford_a,
          pf_hell_entry_tar_spiral
Depths:3: lightli_eight_chambers, pan_entry, abandoned_shop,
          grunt_hell_entry_dis_mu, infiniplex_staircase_pillars_1, uniq_jorgrun,
          uniq_asterion
Depths:4: minmay_stepped, lightli_too_deep, abyss_entry, minmay_splitting_lines
Depths:5: grunt_zot_entry_bicorn, hell_entry, minmay_room_of_horrors, pan_entry
Zot:1:    kennysheep_room_grid
Zot:2:    grunt_megastairs_2
Zot:3:    gammafunk_sealed_arena
Zot:5:    st_stairs_13, basic_stair_grate_trap
Abyss:3:  gammafunk_corrupted_shrine
Abyss:5:  evilmike_abyss_exit_1, minivault_1
Bazaar:   bazaar_kenran_forest_clearing
Bailey:   bailey_axe_3, bailey
IceCv:    ice_cave_caverns_03

Skill      XL: |  1  2  3  4  5  6  7  8  9 10 11 12 13 14 15 16 17 18 19 20 21 22 23 24 25 26 |
---------------+-------------------------------------------------------------------------------+-----
Fighting       | 4 5 6 7 8 10 12 13 15 17 20 21 22 | 22.5
Axes           | 5 6 7 9 10 12 14 16 17 18 21 22 23 | 23.9
Shields        | 4 6 9 11 13 14 16 17 18 19 20 21 | 21.6
Armour         | 5 7 10 12 14 15 17 18 19 20 21 | 21.4
Dodging        | 3 6 8 10 11 12 14 15 16 | 16.6
Evocations     | 4 6 9 12 | 12.1

Action                   |  1- 3 |  4- 6 |  7- 9 | 10-12 | 13-15 | 16-18 | 19-21 | 22-24 | 25-27 || total
-------------------------+-------+-------+-------+-------+-------+-------+-------+-------+-------++-------
Melee: Hand axe          |   113 |   224 |   170 |       |       |       |       |       |       ||   507
       War axe           |       |       |   161 |   496 |    50 |       |       |       |       ||   707
       Kick              |       |       |       |    74 |       |       |       |       |       ||    74
       Broad axe         |       |       |       |       |   669 |  1631 |  2203 |  2009 |  1288 ||  7800
Throw: Tomahawk          |       |       |     3 |       |       |       |       |       |       ||     3
       Throwing net      |       |       |       |       |       |       |       |       |     2 ||     2
Invok: Berserk           |       |       |     6 |    19 |    13 |    20 |    31 |    35 |    20 ||   144
       Burn Spellbooks   |       |       |     1 |       |     1 |     4 |     4 |     2 |       ||    12
       Trog's Hand       |       |       |       |     5 |     2 |     4 |    10 |    15 |    19 ||    55
       Brothers in Arms  |       |       |       |       |       |     1 |     1 |     2 |     6 ||    10
Evoke: Wand              |       |       |       |       |     2 |     3 |     9 |    13 |    12 ||    39
       Box of beasts     |       |       |       |       |       |       |       |     1 |       ||     1
  Use: Scroll            |       |    10 |     1 |     6 |    13 |    12 |    12 |    18 |     9 ||    81
       Potion            |       |       |     5 |     1 |     1 |       |     1 |     4 |    12 ||    24
 Stab: Distracted        |       |       |       |       |       |       |     3 |     2 |     2 ||     7
  Eat: Chunk             |     2 |     8 |    17 |    63 |    38 |    62 |    80 |    70 |    37 ||   377
       Fruit             |       |       |       |     3 |       |       |       |       |       ||     3
       Meat ration       |       |       |       |       |       |       |     1 |     1 |     4 ||     6
Armor: Leather armour    |    43 |    78 |       |       |       |       |       |       |       ||   121
       Plate armour      |       |    22 |   265 |   278 |   373 |   713 |   582 |   417 |       ||  2650
       Gold dragon scale |       |       |       |       |       |       |       |   166 |   371 ||   537
Dodge: Dodged            |    64 |   108 |   102 |    65 |   156 |   407 |   402 |   518 |   253 ||  2075
Block: Buckler           |       |     2 |    41 |    10 |       |       |       |       |       ||    53
       Shield            |       |       |       |   128 |   379 |   401 |       |       |       ||   908
       Large shield      |       |       |       |       |       |   972 |  1939 |  1975 |  1105 ||  5991
